 Dungeon Sprint DCSS version 0.31.0-1-g2c135a0 (webtiles) character file.

Game seed: 10585498363257909851

9 PurpleRed the Conjurer (level 2, -2/16 HPs)
             Began as a Deep Elf Conjurer on Mar 8, 2024.
             Slain by a neqoxec (9 damage)
             ... in the Dungeon (Sprint II: "The Violet Keep of Menkaure").
             The game lasted 00:01:34 (187 turns).

PurpleRed the Conjurer (Deep Elf Conjurer)           Turns: 187, Time: 00:01:35

Health: -2/16      AC:  2    Str:  4    XL:     2   Next: 3%
Magic:  5/9        EV: 12    Int: 22    God:
Gold:   243        SH:  0    Dex: 13    Spells: 6/9 levels left

rFire   . . .        (no weapon)
rCold   . . .        (no shield)
rNeg    . . .        a - +0 robe
rPois   .            (no helmet)
rElec   .            (no cloak)
rCorr   .            (no gloves)
SInv    .            (no boots)
Will    .....        (no amulet)
Stlth   ++           (no ring)
HPRegen 0.22/turn    (no ring)
MPRegen 0.11/turn

%: no teleportation
@: no status effects
A: no striking features
a: no special abilities


You were in the Dungeon.
You visited 1 branch You collected 243 gold pieces.

Inventory:

Armour
 a - a +0 robe (worn)
Scrolls
 g - a scroll of blinking
Potions
 b - 2 potions of magic


   Skills:
 + Level 1.3 Fighting
 - Level 2.4 Dodging
 - Level 2.4 Stealth
 + Level 4.0 Spellcasting
 * Level 5.4 Conjurations


You had 6 spell levels left.
You knew the following spells:

 Your Spells              Type           Power      Damage    Failure   Level
a - Magic Dart            Conj           100%       1d8       1%          1
b - Searing Ray           Conj           56%        2d6       1%          2

Your spell library contained the following spells:

 Spells                   Type           Power      Damage    Failure   Level
 Fulminant Prism          Conj/Alch      8%         3d7       36%         4
 Iskenderun's Mystic Bla  Conj/Tloc      16%        2d5       36%         4


Dungeon Overview and Level Annotations

Branches:
Dungeon (1/1)

Altars:


Message History

Nothing appears to happen.
Casting: Magic Dart (safe; 1% risk of failure)
Confirm with . or Enter, or press ? or * to list all spells.
Aiming: Magic Dart (safe; 1% risk of failure)
Press: ? - help, Shift-Dir - straight line, f/p - crocodile
Aim: a crocodile (severely wounded, 100% to hit)
The magic dart hits the crocodile.
The crocodile is severely wounded.
You close the door.
You start memorising the spell.
You continue memorising.
Your magical contamination has completely faded away.
You continue memorising.
You finish memorising.
Spell assigned to 'b'.
You start resting.
Magic restored.
There is an open door here.
You see here a ribbon worm corpse.
As you open the door, it creaks loudly!
A neqoxec comes into view.
The neqoxec shouts!
You hear a shout!
You close the door.
A neqoxec breaks down the door.
There is an open door here.
You see here a ribbon worm corpse.
Casting: Magic Dart (safe; 1% risk of failure)
Confirm with . or Enter, or press ? or * to list all spells.
Aiming: Searing Ray (safe; 1% risk of failure)
Press: ? - help, Shift-Dir - straight line, f - neqoxec
Aim: a neqoxec (74% to hit)
The searing ray hits the neqoxec!
The neqoxec is moderately wounded. (Press . to maintain the ray.)
The searing ray hits the neqoxec.
The neqoxec is moderately wounded.
The neqoxec hits you!
Ouch! That really hurt!
The searing ray hits the neqoxec.
The neqoxec is heavily wounded.
The neqoxec hits you!
Ouch! That really hurt!
You die...

### # #+###.##
.#
##.##...#..#
+.<3@##.+l.#
##.##.###....#
#'# #.# .....
##. ## .... #.
~.. ## ~. ~


You could see a neqoxec.

Vanquished Creatures
  3 ribbon worms (D)
3 creatures vanquished.

Notes
Turn   | Place    | Note
-------+----------+-------------------------------------------
     0 | D        | PurpleRed the Deep Elf Conjurer began the quest for the
                  | Orb.
     0 | D        | Reached XP level 1. HP: 10/10 MP: 6/6
    61 | D        | Reached skill level 1 in Fighting
    61 | D        | Reached skill level 5 in Conjurations
    71 | D        | Reached XP level 2. HP: 7/16 MP: 0/9
   114 | D        | Noticed a crocodile
   124 | D        | Learned a level 2 spell: Searing Ray
   181 | D        | Noticed a neqoxec
   187 | D        | Slain by a neqoxec

Illustrated notes

Levels and vault maps discovered:
D:        the_violet_keep_of_menkaure [sprint2_stairs_cluster_1,
          sprint2_shoproom, sprint2_temple, sprint2_basic_supplies,
          sprint2_obstacle_2, sprint2_obstacle_3, sprint2_obstacle_1,
          sprint2_obstacle_6, sprint2_obstacle_5, sprint2_timed_cluster_1,
          sprint2_smallroom_cluster_1, sprint2_smallroom_final_cluster_1,
          sprint2_transparent_cluster_1, sprint2_second_timed_cluster_1,
          sprint2_sniper_area_1, sprint2_heavy_combat_area_1,
          sprint2_mutation_trap_area_1, sprint2_forest_area_1,
          sprint2_light_combat_area_1, sprint2_behind_water_1,
          sprint2_near_end_vault_1]

Skill      XL: |  1 |
---------------+----+-----
Fighting       | 1 |  1.3
Conjurations   | 5 |  5.4
Spellcasting   | 4 |  4.0
Dodging        | |  2.4
Stealth        | |  2.4

Action                     || total
---------------------------++-------
  Melee: Unarmed           ||     3
   Cast: Magic Dart        ||    20
         Searing Ray       ||     1
    Use: Potion            ||     5
 Armour: Robe              ||    13
  Dodge: Dodged            ||     1
